 Dungeon Crawl Stone Soup version 0.30-a0-122-g2a1322497e (webtiles) character file.

Game seed: 11815954383202882217

16 Dreamer the Ducker (level 2, -2/11 HPs)
             Began as a Felid Hedge Wizard on Sept 15, 2022.
             Slain by an adder (4 damage)
             ... on level 2 of the Dungeon.
             The game lasted 00:04:20 (1533 turns).

Dreamer the Ducker (Felid Hedge Wizard)             Turns: 1533, Time: 00:04:21

Health: -2/11      AC:  1    Str:  6    XL:     2   Next: 37%
Magic:  2/7        EV: 17    Int: 15    God:
Gold:   31         SH:  0    Dex: 15    Spells: 5/7 levels left
                                        Lives:  0   Deaths: 0

rFire   . . .      SeeInvis +    (weapon unavailable)
rCold   . . .      Faith    .    (shield unavailable)
rNeg    . . .      Spirit   .    (body armour unavailable)
rPois   .          Reflect  .    (helmet unavailable)
rElec   .          Harm     .    (cloak unavailable)
rCorr   .          Rampage  .    (gloves unavailable)
Will    .....                    (boots unavailable)
Stlth   ++........               (no amulet)
HPRegen 0.03/turn                (no ring)
MPRegen 0.10/turn                (no ring)

@: quick
A: very small, claws 1, fangs 3, see invisible, speed 1, shaggy fur 1, stealthy
paws, no weapons or thrown items, no armour, multi-lived
a: no special abilities


You were on level 2 of the Dungeon.
You visited 1 branch of the dungeon, and saw 2 of its levels.

You collected 31 gold pieces.

Inventory:

Scrolls
 b - a scroll of teleportation {unknown}
Potions
 a - a potion of magic
 c - a potion of flight {unknown}


   Skills:
 * Level 3.1 Dodging
 * Level 3.1 Stealth
 + Level 0.0 Unarmed Combat
 + Level 3.0 Spellcasting
 - Level 0.8 Conjurations
 * Level 1.0 Hexes
 - Level 1.0 Summonings
 * Level 2.3 Translocations
 + Level 0.0 Transmutations


You had 5 spell levels left.
You knew the following spells:

 Your Spells              Type           Power      Damage    Failure   Level
a - Magic Dart            Conj           16%        1d3       14%         1
b - Slow                  Hex            20%        N/A       13%         1

Your spell library contained the following spells:

 Spells                   Type           Power      Damage    Failure   Level
 Blink                    Tloc           18%        N/A       12%         2
 Call Imp                 Summ           5%         N/A       21%         2
 Cigotuvi's Dreadful Rot  Necr/Pois/Air  4%         N/A       30%         2
 Mephitic Cloud           Conj/Pois/Air  3%         N/A       47%         3


Dungeon Overview and Level Annotations

Branches:
Dungeon (2/15)

Altars:


Innate Abilities, Weirdness & Mutations

You have sharp claws.
You have razor-sharp teeth.
You have supernaturally acute eyesight. (SInv)
You cover ground quickly. (Speed+)
You are covered in fur. (AC +1)
Your paws help you pounce on unaware monsters.
You are incapable of wielding weapons or throwing items.
You cannot wear armour.
You gain extra lives every three experience levels.


Message History

You kill the kobold!
The magic dart hits the adder.
The adder is lightly wounded.
The adder hisses angrily.
The magic dart hits the adder.
The adder is moderately wounded.
The magic dart hits the adder.
The adder is heavily wounded.
You scratch the adder. Your bite misses the adder.
The adder is severely wounded.
The adder bites you. The adder barely misses you.
You scratch the adder but do no damage.
The adder is severely wounded.
The adder closely misses you.
You scratch the adder.
The adder is almost dead.
The adder misses you.
You scratch the adder but do no damage.
The adder is almost dead.
The adder bites you.
You barely miss the adder. Your bite misses the adder.
The adder is almost dead.
The adder bites you. The endoplasm barely misses you.
The adder completely misses you.
You scratch the adder but do no damage.
The adder is almost dead.
The adder barely misses you. The endoplasm freezes you.
You are frozen.
You closely miss the adder. Your bite misses the adder.
The adder is almost dead.
The adder closely misses you. The endoplasm barely misses you.
You closely miss the adder.
The adder is almost dead.
The adder closely misses you. The endoplasm freezes you.
You are frozen.
* * * LOW HITPOINT WARNING * * *
The adder bites you.
You die...

.#.#.#.#.#..# .....
..J #.##
............##
.S.....J> ..#
.#.#.#.#.##..## #.
..............# .<
#
.#.#.#.#.##..#####.
.#
##..#........#....
.. #.########.#.#.#
)# . #.#.#.#..#
#....@S..#
###.#.J..#
#.........#
#####.##.## ... #
..## ##


You could see an adder and an endoplasm.

Vanquished Creatures
  3 ball pythons (D:1)
  2 endoplasms (D:2)
  A giant cockroach (D:1)
  A quokka (D:1)
  A bat (D:2)
  A frilled lizard (D:2)
  3 kobolds
  2 rats (D:1)
14 creatures vanquished.

Notes
Turn   | Place    | Note
-------+----------+-------------------------------------------
     0 | D:1      | Dreamer the Felid Hedge Wizard began the quest for the Orb.
     0 | D:1      | Reached XP level 1. HP: 7/7 MP: 5/5
   848 | D:1      | Learned a level 1 spell: Slow
   861 | D:1      | Reached skill level 1 in Hexes
   861 | D:1      | Reached XP level 2. HP: 10/11 MP: 2/7
   929 | D:1      | You fall into a shaft and drop 1 floor!
  1533 | D:2      | Slain by an adder

Illustrated notes

Levels and vault maps discovered:
D:1:      dpeg_arrival_round_a, layout_basic,
          nicolae_concentric_dashed_squares_mild, minmay_rat_gold_closets
D:2:      cheibrodos_greedy_goblins, layout_loops_cross,
          ebering_ecumenical_altar_sacrificial, basic_altar, st_stairs_3,
          minmay_misc_feat_nine_boxes, kennysheep_crisscross

Skill      XL: |  1  2 |
---------------+-------+-----
Stealth        | 3 |  3.1
Dodging        | 3 |  3.1
Hexes          | 1 |  1.0
Translocations | 2 |  2.3
Spellcasting   | |  3.0
Conjurations   | |  0.8
Summonings     | |  1.0

Action                   || total
-------------------------++-------
Melee: Unarmed           ||    62
       Bite              ||     5
       Punch             ||     1
 Cast: Magic Dart        ||    20
 Stab: Sleeping          ||     2
Armor: Skin              ||     2
Dodge: Dodged            ||    51

Table legend: (Time is in decaauts)
 A = Elapsed time spent in this place.
 B = Non-inter-level travel time spent in this place.
 C = Inter-level travel time spent in this place.
 D = Time resting spent in this place.
 E = Time spent auto-exploring this place.
 F = Levels seen in this place.
 G = Mean time per level.
                   A        B        C        D        E       F      G
               +--------+--------+--------+--------+--------+-----+--------+
         Total |   1472 |   1472 |      0 |    792 |    419 |   2 |  736.0 |
       Dungeon |   1472 |   1472 |      0 |    792 |    419 |   2 |  736.0 |
               +--------+--------+--------+--------+--------+-----+--------+

Top non-repeatable levels by time:
     D:1: 900 daAuts
     D:2: 571 daAuts
